 Dungeon Crawl Stone Soup version 0.25-a0-308-geac79542e2 (webtiles) character file.

Game seed: 5953151183825350757, levelgen mode: deterministic

10569 Morrissey the Nimble (level 11, -3/84 HPs)
             Began as a Merfolk Venom Mage on Dec 22, 2019.
             Was a High Priest of Okawaru.
             Slain by Jorgrun
             ... wielding an uncursed staff of earth
              (7 damage)
             ... on level 1 of the Orcish Mines.
             The game lasted 00:50:26 (12087 turns).

Morrissey the Nimble (Merfolk Venom Mage)          Turns: 12087, Time: 00:50:27

Health: -3/84      AC: 13    Str: 13    XL:     11   Next: 64%
Magic:  6/18       EV: 16    Int: 14    God:    Okawaru [*****.]
Gold:   1458       SH:  0    Dex: 17    Spells: 10/20 levels left

rFire    + + .     SeeInvis .   b - +1 short sword (freeze)
rCold    . . .     Gourm    .   (no shield)
rNeg     . . .     Faith    .   n - +0 robe
rPois    .         Spirit   .   i - +0 helmet
rElec    .         Reflect  .   r - +1 cloak "Xirikif" {rF++ MR- Slay+2}
rCorr    .         Harm     .   U - +2 pair of gloves {Str+3}
MR       .....                  (no boots)
Stlth    ++++......             v - amulet of regeneration
HPRegen  0.64/turn              y - ring of protection from magic
MPRegen  0.16/turn              o - +5 ring of protection

@: grasped by roots, constricted
A: change form in water, swift swim, stealthy swim
a: Heroism, Finesse, Renounce Religion


You were on level 1 of the Orcish Mines.
You worshipped Okawaru.
Okawaru was extremely pleased with you.
You were not hungry.

You visited 3 branches of the dungeon, and saw 14 of its levels.
You also visited: Ossuary.

You collected 1458 gold pieces.

Inventory:

Hand Weapons
 a - a +2 dagger of venom
 b - a +1 short sword of freezing (weapon)
 A - a +2 short sword of protection
 J - a +0 glaive
 T - a +0 trident
Armour
 i - a +0 helmet (worn)
 n - a +0 robe (worn)
 r - the +1 cloak "Xirikif" (worn) {rF++ MR- Slay+2}
   (You found it on level 5 of the Dungeon)

   It affects your accuracy and damage with ranged weapons and melee attacks
   (+2).
   It greatly protects you from fire.
   It affects your resistance to hostile enchantments.
 U - a +2 pair of gloves of strength (worn)
Jewellery
 o - a +5 ring of protection (right hand)
 p - an uncursed ring of flight
 v - an amulet of regeneration (around neck)
 y - a ring of protection from magic (left hand)
 E - an uncursed ring of magical power {unknown}
 Q - a cursed ring of teleportation {unknown}
 S - an uncursed ring of positive energy {unknown}
Wands
 z - a wand of disintegration (2)
 D - a wand of flame (31)
 G - a wand of clouds (11)
 K - a wand of scattershot (7)
 L - a wand of iceblast (4)
 N - a wand of acid (4)
 P - a wand of paralysis (5)
Scrolls
 d - 2 scrolls of blinking
 f - a scroll of teleportation
 g - a scroll of fear {unknown}
 h - 4 scrolls of remove curse
 j - 2 scrolls of amnesia
 m - a scroll of noise {unknown}
 u - 2 scrolls of enchant weapon {unknown}
 x - a scroll of random uselessness {unknown}
 B - a scroll of vulnerability {unknown}
Potions
 e - a potion of magic
 k - 4 potions of mutation
 l - a potion of curing
 q - a potion of heal wounds
 s - a potion of haste
 t - a potion of brilliance
 C - a potion of ambrosia
 F - a potion of might
 H - a potion of cancellation {unknown}
 I - 3 potions of flight {unknown}
 M - 3 potions of invisibility
 O - a potion of resistance
 R - a potion of agility
Comestibles
 c - 23 rations
 w - 11 chunks of flesh


   Skills:
 * Level 7.6 Fighting
 + Level 9.1 Short Blades
 * Level 3.2 Polearms
 - Level 10.0 Dodging
 - Level 7.4 Stealth
 - Level 5.0 Spellcasting
 - Level 8.4 Transmutations
 - Level 7.8 Poison Magic
 * Level 4.1 Invocations


You had 10 spell levels left.
You knew the following spells:

 Your Spells              Type           Power        Failure   Level  Hunger
a - Sting                 Tmut/Pois      ####         1%          1    None
b - Poisonous Vapours     Pois/Air       ##....       5%          2    ##.....
c - Ignite Poison         Fire/Tmut/Pois ###.....     5%          3    ###....
d - Olgreb's Toxic Radia  Pois           ####....     7%          4    ####...

Your spell library contained the following spells:

 Spells                   Type           Power        Failure   Level  Hunger
 Confusing Touch          Hex            #.....       17%         1    None
 Mephitic Cloud           Conj/Pois/Air  ##......     19%         3    ###....
 Petrify                  Tmut/Erth      ###.....     30%         4    ####...
 Confuse                  Hex            #.......     45%         3    ###....
 Gell's Gravitas          Tloc           #.........   45%         3    ###....
 Yara's Violent Unravell  Hex/Tmut       ###.......   63%         5    ######.
 Metabolic Englaciation   Hex/Ice        #.........   99%         5    ######.


Dungeon Overview and Level Annotations

Branches:
Dungeon (11/15)            Temple (1/1) D:4             Orc (2/2) D:11
    Elf (0/3) Orc:2       Ossuary (visited)
   Lair: D:8-11

Altars:
Ashenzari
Cheibriados
Dithmenos
Elyvilon
Fedhas
Gozag
Hepliaklqana
Kikubaaqudgha
Makhleb
Nemelex Xobeh
Okawaru
Qazlal
Ru
Sif Muna
Trog
Uskayaw
Vehumet
Wu Jian
Xom
Yredelemnul
Zin
The Shining One
Beogh

Shops:
D:4 *   Orc:2 [

Annotations:
D:10 exclusion: ice dragon
Orc:1 Jorgrun
Orc:2 exclusions: upstairs and 2 more exclusions


Message History

Jorgrun is almost dead.
* * * LOW MAGIC WARNING * * *
Jorgrun hits you with an uncursed staff of earth.
* * * LOW HITPOINT WARNING * * *
Jorgrun crushes you!
* * * LOW HITPOINT WARNING * * *
x2 The grasping roots constrict you!!
Unknown command.
You hit Jorgrun. You freeze Jorgrun.
Jorgrun is almost dead.
Press: ? - help, v - describe, . - travel
Here: Jorgrun, wielding a staff of earth and wearing a +0 robe (almost dead)
The floor.
You puncture Jorgrun! You freeze Jorgrun.
Jorgrun is almost dead.
Jorgrun hits you with an uncursed staff of earth.
* * * LOW HITPOINT WARNING * * *
Jorgrun crushes you!
* * * LOW HITPOINT WARNING * * *
You die...

#>.....##
####)......#
##..........#
##.......#...#
#...).[.##....
##.....## ... #
#...[###### ....
#.....#.#.#.....
#.......@g......
#...............
##...........###
#####.......#
##....### .#...#
....## .#..##
..... ######
....### #


You could see Jorgrun.

Vanquished Creatures
  A two-headed ogre (D:8)
  2 orc sorcerers
  A cyclops (Orc:2)
  Maurice (Orc:1)
  2 trolls
  A hornet (D:11)
  Prince Ribbit (D:7)
  A hippogriff (D:10)
  Grinder (D:5)
  9 yaks (D:9)
  2 wraiths (Ossuary)
  Grum (D:8)
  2 hungry ghosts
  A warg (Orc:1)
  A water moccasin (D:5)
  A black bear (D:9)
  2 ice beasts (D:6)
  2 sky beasts
  8 orc warriors
  2 necrophages (D:9)
  2 phantoms
  5 ogres
  4 centaurs
  2 wolves (D:8)
  A crocodile (D:9)
  2 big kobolds
  A bullfrog (D:8)
  2 scorpions
  4 killer bees (D:10)
  5 wights
  2 howler monkeys
  A centaur zombie (D:9)
  3 hounds
  2 quasits
  13 orc priests
  3 centaur skeletons
  15 orc wizards
  An iguana (D:4)
  9 worker ants
  A hound zombie (D:6)
  A hound skeleton (D:5)
  A mummy (D:8)
  Robin (D:2)
  13 adders
  A howler monkey skeleton (D:6)
  A gnoll (D:3)
  5 shadow imps
  3 oozes
  2 adder zombies (Ossuary)
  5 adder skeletons
  A worm (D:2)
  A leopard gecko (D:7)
  55 orcs
  2 ball pythons (D:2)
  6 giant cockroaches
  15 goblins
  9 hobgoblins
  7 jackals
  7 quokkas
  2 ball python skeletons (Ossuary)
  10 bats
  6 frilled lizards
  A hobgoblin skeleton (Ossuary)
  A hobgoblin zombie (Ossuary)
  A jackal zombie (D:5)
  8 kobolds
  A kobold zombie (Ossuary)
  2 leopard gecko skeletons
  A leopard gecko zombie (D:5)
  An orc zombie (Ossuary)
  2 quokka skeletons
  12 rats
304 creatures vanquished.

Vanquished Creatures (others)
  A human (D:9)
  7 fungi (D:6)
8 creatures vanquished.

Grand Total: 312 creatures vanquished

Notes
Turn   | Place    | Note
-------+----------+-------------------------------------------
     0 | D:1      | Morrissey the Merfolk Venom Mage began the quest for the
                  | Orb.
     0 | D:1      | Reached XP level 1. HP: 13/13 MP: 3/3
   179 | D:1      | Reached skill level 3 in Dodging
   233 | D:1      | Reached XP level 2. HP: 12/19 MP: 0/5
   321 | D:1      | Learned a level 2 spell: Poisonous Vapours
   939 | D:2      | Reached XP level 3. HP: 15/24 MP: 0/6
  1160 | D:2      | Learned a level 3 spell: Ignite Poison
  1488 | D:2      | Reached skill level 4 in Dodging
  1488 | D:2      | Reached XP level 4. HP: 30/30 MP: 2/7
  1550 | D:2      | Noticed Robin
  1735 | D:2      | Killed Robin
  2037 | D:3      | Reached XP level 5. HP: 35/35 MP: 1/8
  3018 | D:3      | Reached skill level 1 in Short Blades
  3516 | D:4      | Found a staircase to the Ecumenical Temple.
  3569 | D:4      | Reached XP level 6. HP: 41/41 MP: 3/10
  3721 | D:4      | Reached skill level 5 in Dodging
  3756 | D:4      | Found Fattokipe's General Store.
  3762 | D:4      | Learned a level 4 spell: Olgreb's Toxic Radiance
  3930 | Temple   | Entered the Ecumenical Temple
  4359 | D:5      | Entered Level 5 of the Dungeon
  4370 | D:5      | Reached XP level 7. HP: 46/46 MP: 9/12
  4407 | D:5      | Got a spiked cloak
  4417 | D:5      | Identified the +1 cloak "Xirikif" {rF++ MR- Slay+2} (You
                  | found it on level 5 of the Dungeon)
  4464 | D:5      | Reached skill level 5 in Poison Magic
  4832 | D:5      | Reached skill level 5 in Transmutations
  4849 | D:5      | Noticed Grinder
  4939 | D:5      | Killed Grinder
  4939 | D:5      | Reached XP level 8. HP: 25/52 MP: 9/14
  5068 | D:5      | Reached skill level 6 in Dodging
  5290 | D:6      | Found a shimmering altar of Xom.
  5476 | D:6      | Reached skill level 5 in Spellcasting
  5844 | D:6      | Noticed a slime creature
  5859 | D:7      | Found an iron altar of Okawaru.
  5878 | D:7      | Became a worshipper of Warmaster Okawaru
  5884 | D:7      | Got a pitted flail
  5977 | D:7      | Noticed Prince Ribbit
  5987 | D:7      | Killed Prince Ribbit
  5987 | D:7      | Reached * piety under Okawaru
  5987 | D:7      | Reached skill level 7 in Dodging
  5987 | D:7      | Reached XP level 9. HP: 57/57 MP: 8/16
  6093 | D:7      | Reached skill level 5 in Short Blades
  6795 | D:8      | Reached ** piety under Okawaru
  7084 | D:8      | Reached skill level 8 in Dodging
  7085 | D:8      | Noticed a two-headed ogre
  7168 | D:8      | Killed a two-headed ogre
  7168 | D:8      | Reached skill level 5 in Stealth
  7168 | D:8      | Reached XP level 10. HP: 51/63 MP: 15/17
  7316 | D:8      | Found a sand-covered staircase.
  7343 | Ossuary  | Entered an ossuary
  7455 | Ossuary  | Reached *** piety under Okawaru
  7641 | D:8      | Noticed Grum
  7655 | D:8      | Killed Grum
  7749 | D:8      | Found a sparkling altar of Nemelex Xobeh.
  7811 | D:8      | Reached skill level 1 in Fighting
  8217 | D:9      | Reached skill level 9 in Dodging
  8522 | D:9      | Reached **** piety under Okawaru
  8642 | D:9      | Found a shadowy altar of Dithmenos.
  8645 | D:9      | Found a blossoming altar of Fedhas.
  8647 | D:9      | Found a glowing silver altar of Zin.
  8648 | D:9      | Found a white marble altar of Elyvilon.
  8652 | D:9      | Found a sparkling altar of Nemelex Xobeh.
  8772 | D:9      | Reached skill level 5 in Fighting
  9172 | D:9      | Found an ancient bone altar of Kikubaaqudgha.
  9343 | D:10     | Entered Level 10 of the Dungeon
  9406 | D:10     | Reached XP level 11. HP: 79/79 MP: 8/18
  9420 | D:10     | Reached skill level 10 in Dodging
  9785 | D:10     | Noticed an ice dragon
 10294 | D:11     | Reached skill level 1 in Invocations
 10497 | D:11     | Found a staircase to the Orcish Mines.
 10514 | Orc:1    | Entered Level 1 of the Orcish Mines
 10673 | Orc:1    | Noticed an orc sorcerer
 10679 | Orc:1    | Killed an orc sorcerer
 10679 | Orc:1    | Reached ***** piety under Okawaru
 10711 | Orc:1    | Noticed Maurice
 10740 | Orc:1    | Killed Maurice
 10910 | Orc:2    | Entered Level 2 of the Orcish Mines
 10910 | Orc:2    | Found a staircase to the Elven Halls.
 11323 | Orc:2    | Found a roughly hewn altar of Beogh.
 11361 | Orc:2    | Noticed a cyclops
 11373 | Orc:2    | Killed a cyclops
 11373 | Orc:2    | Reached skill level 1 in Polearms
 11462 | Orc:2    | Noticed an orc sorcerer
 11472 | Orc:2    | Killed an orc sorcerer
 11472 | Orc:2    | Received a gift from Okawaru
 11821 | Orc:2    | Found Ebyst's Armour Boutique.
 11883 | Orc:2    | Noticed an orc knight
 12067 | Orc:1    | Noticed Jorgrun
 12087 | Orc:1    | HP: 4/84 [Jorgrun/uncursed staff of earth (7)]
 12087 | Orc:1    | Slain by Jorgrun

Levels and vault maps discovered:
D:1:      minmay_arrival_pointy, layout_basic
D:2:      layout_rooms, minmay_pentomino_p4, uniq_robin
D:3:      layout_basic, first_ration, st_stairs_4
D:4:      layout_loops_ring, minmay_temple_entry_statues, serial_shops,
          nicolae_shop_behind_doors
D:5:      layout_loops_ring, uniq_grinder
D:6:      lemuel_slime, layout_basic, basic_altar
D:7:      layout_basic, lemuel_crystal_altar, minmay_manual_moon,
          uniq_crazy_yiuf_cottage, uniq_prince_ribbit1
D:8:      layout_basic, gup_ossuary_entry_pyramid, basic_altar,
          blue_anna_alchemist [blue_anna_fruit_fields, blue_anna_fruit_fields],
          uniq_grum
D:9:      layout_loops_ring, minitemple, hex_large, tgw_kikubaaqudgha
D:10:     dragon1_lemuel, layout_basic
D:11:     layout_long_grid, lair_entry_dummy, orc_0_dummy,
          gammafunk_ghost_necromancy, doesnt_xom_only_xom, uniq_psyche
Temple:   eino_temple_scatter_basement
Orc:1:    layout_diamond_mine, uniq_jorgrun, uniq_maurice
Orc:2:    pf_orc_diabolical, layout_caves, basic_altar, serial_shops,
          shop_fountains

Skill      XL: |  1  2  3  4  5  6  7  8  9 10 11 |
---------------+----------------------------------+-----
Dodging        | 3 4 5 7 8 9 10 | 10.0
Transmutations | 2 3 4 5 6 8 |  8.4
Poison Magic   | 4 5 6 7 |  7.8
Short Blades   | 1 2 3 4 6 8 9 |  9.1
Spellcasting   | 3 4 5 |  5.0
Stealth        | 3 5 7 |  7.4
Fighting       | 5 7 |  7.6
Invocations    | 4 |  4.1
Polearms       | 3 |  3.2

Action                   |  1- 3 |  4- 6 |  7- 9 | 10-12 || total
-------------------------+-------+-------+-------+-------++-------
Melee: Unarmed           |     7 |       |       |       ||     7
       Dagger            |    19 |   168 |   334 |   235 ||   756
       Short sword       |       |       |       |    95 ||    95
 Cast: Sting             |    24 |    33 |    78 |    35 ||   170
       Poisonous Vapours |    18 |    26 |    14 |    69 ||   127
       Ignite Poison     |       |     1 |       |    20 ||    21
       Olgreb's Toxic Ra |       |       |    11 |    12 ||    23
  Use: Scroll            |       |     2 |     3 |    14 ||    19
       Potion            |       |       |       |     1 ||     1
 Stab: Sleeping          |       |     7 |     2 |    13 ||    22
  Eat: Chunk             |     3 |    11 |    14 |    15 ||    43
       Ration            |       |       |     2 |     3 ||     5
Armor: Robe              |     8 |    52 |   100 |    46 ||   206
Dodge: Dodged            |    29 |   131 |   238 |   209 ||   607

Table legend:
 A = Non-vault XP
 B = Vault XP
 C = Vault XP percentage of total XP
 D = Non-vault monster count
 E = Vault monster count
 F = Vault count percentage of total count
                 A         B        C        D         E       F
            +---------+---------+-------+---------+---------+-------
      Total |   12352 |    2747 |  18.2 |     256 |      48 |  15.8
            +---------+---------+-------+---------+---------+-------
        D:1 |      13 |       0 |   0.0 |      10 |       0 |   0.0
        D:2 |     104 |      41 |  28.3 |      26 |      17 |  39.5
        D:3 |      78 |      15 |  16.1 |      28 |       2 |   6.7
        D:4 |     355 |       0 |   0.0 |      26 |       0 |   0.0
        D:5 |     521 |     254 |  32.8 |      21 |       1 |   4.5
        D:6 |     535 |       7 |   1.3 |      15 |       1 |   6.2
        D:7 |     628 |     522 |  45.4 |      19 |       5 |  20.8
        D:8 |    1648 |     549 |  25.0 |      27 |       5 |  15.6
        D:9 |    3274 |       0 |   0.0 |      35 |       0 |   0.0
       D:10 |    1420 |       0 |   0.0 |      19 |       0 |   0.0
       D:11 |     312 |       0 |   0.0 |       2 |       0 |   0.0
      Orc:1 |    1357 |     472 |  25.8 |      10 |       1 |   9.1
      Orc:2 |    2107 |     336 |  13.8 |      18 |       4 |  18.2
    Ossuary |       0 |     551 | 100.0 |       0 |      12 | 100.0
            +---------+---------+-------+---------+---------+-------
